 Dungeon Crawl Stone Soup version 0.18.1-48-g4cf74bf (webtiles) character file.

229 Joat the Cudgeler (level 5, 0/45 HPs)
             Began as a Draconian Wanderer on Aug 5, 2016.
             Slain by a kobold
             ... wielding a +2 short sword of electrocution
              (3 damage)
             ... on level 3 of the Dungeon.
             The game lasted 00:19:01 (3125 turns).

Joat the Cudgeler (Draconian Wanderer)              Turns: 3125, Time: 00:19:01

Health: 0/45       AC:  6    Str: 14    XL:     5   Next: 71%
Magic:  5/5        EV: 11    Int: 16    God:
Gold:   134        SH:  0    Dex: 13    Spells: 0 memorised, 4 levels left

rFire  . . .     SeeInvis .     a - +0 flail
rCold  . . .     Gourm    .     (armour unavailable)
rNeg   . . .     Faith    .     (no shield)
rPois  .         Spirit   .     (helmet restricted)
rElec  .         Dismiss  .     (no cloak)
rCorr  .         Reflect  .     w - +0 pair of gloves
SustAt .         Harm     .     (no boots)
MR     .....                    (no amulet)
Stlth  +.........               (no ring)
                                (no ring)

@: brilliant, not resistant to hostile enchantments, very unstealthy
A: unfitting armour, cold-blooded, AC +5
a: no special abilities


You were on level 3 of the Dungeon.
You were not hungry.

You visited 1 branch of the dungeon, and saw 3 of its levels.

You collected 134 gold pieces.

Inventory:

Hand Weapons
 a - a +0 flail (weapon)
 b - a +0 hunting sling
 g - a +0 dagger
 h - a +0 whip
 q - a +1 dagger of freezing
Missiles
 e - 64 stones (quivered)
 r - 46 sling bullets
 x - 27 arrows
Armour
 w - a +0 pair of gloves (worn)
Scrolls
 i - a scroll of enchant weapon {unknown}
 l - a scroll of recharging {unknown}
 o - a scroll of amnesia
 p - 2 scrolls of identify
 v - a scroll of blinking {unknown}
Potions
 n - 2 potions of resistance
 u - a potion of flight
Books
 f - the Grimoire of Translocation

   Spells                             Type                      Level
   a - Apportation                    Translocation                1
   b - Gell's Gravitas                Hexes/Translocation          3
Miscellaneous
 t - a stone of tremors (inert)
Comestibles
 c - 2 meat rations
 d - 4 bread rations
 j - 6 chunks of flesh
 k - 2 royal jellies
 m - 2 fruits


   Skills:
 - Level 3.2 Fighting
 - Level 0.2 Short Blades
 + Level 6.0 Maces & Flails
   Level 1.0 Shields
   Level 2.0 Translocations
   Level 1.0 Transmutations
 - Level 1.0 Evocations


You had 4 spell levels left.
You didn't know any spells.

Dungeon Overview and Level Annotations

Branches:
Dungeon (3/15)

Altars:


Innate Abilities, Weirdness & Mutations

Your plain brown scales are hard (AC +5).
Your body does not fit into most forms of armour.
You are cold-blooded and may be slowed by cold attacks.


Message History

* * * LOW HITPOINT WARNING * * *
Drink which item? (? for menu, Esc to quit)
It was a potion of brilliance.
You feel clever all of a sudden. The hobgoblin barely misses you.
The kobold hits you with a short sword of electrocution.
* * * LOW HITPOINT WARNING * * *
Evoke which item? (* to show all) (? for menu, Esc to quit)
That is presently inert.
The bat hits you but does no damage. The hobgoblin closely misses you.
The bat closely misses you. The hobgoblin hits you.
* * * LOW HITPOINT WARNING * * *
The bat hits you.
* * * LOW HITPOINT WARNING * * *
The bat barely misses you.
You barely miss the kobold.
The kobold is moderately wounded.
The bat hits you but does no damage.
The kobold hits you with a short sword of electrocution.
You die...

##########
#.....@K.#
#..##..##.#
.....b.#.#
........bg#
..........#
...>....#.#
........#†#
..........#
!........#
##


You could see a bat and a kobold.

Vanquished Creatures
  A hound (D:3)
  2 orc priests (D:3)
  Ijyb (D:2)
  3 adders
  2 oozes
  4 worms
  2 dart slugs
  6 orcs
  A giant cockroach (D:2)
  10 goblins
  4 hobgoblins
  4 jackals (D:1)
  2 ball pythons
  9 bats
  3 giant newts
  5 kobolds
  5 rats
64 creatures vanquished.

Notes
Turn   | Place    | Note
--------------------------------------------------------------
     0 | D:1      | Joat the Draconian Wanderer began the quest for the Orb.
     0 | D:1      | Joat set off with: a stone of tremors, the Grimoire of Translocation, a +0 club, a bread ration
     0 | D:1      | Reached XP level 1. HP: 19/19 MP: 1/1
     0 | D:1      | Identified the Grimoire of Translocation
   636 | D:1      | Reached XP level 2. HP: 26/26 MP: 2/2
   719 | D:1      | Reached skill level 3 in Maces & Flails
  1273 | D:2      | Reached XP level 3. HP: 28/31 MP: 3/3
  1615 | D:2      | Reached skill level 4 in Maces & Flails
  1872 | D:2      | Noticed Ijyb
  1890 | D:2      | Killed Ijyb
  1890 | D:2      | Reached XP level 4. HP: 37/38 MP: 4/4
  2635 | D:3      | Reached skill level 5 in Maces & Flails
  2742 | D:3      | Reached XP level 5. HP: 17/45 MP: 5/5
  3095 | D:3      | Reached skill level 6 in Maces & Flails
  3121 | D:3      | HP: 2/45 [bat (1)]
  3125 | D:3      | Slain by a kobold

Skill      XL: |  1  2  3  4  5 |
---------------+----------------+-----
Maces & Flails | 3 4 5 6 |  6.0
Fighting       | |  3.2
Short Blades   | |  0.2
Shields        | |  1.0
Translocations | |  2.0
Transmutations | |  1.0
Evocations     | |  1.0

Action                   |  1- 3 |  4- 6 || total
-------------------------+-------+-------++-------
Melee: Club              |    16 |       ||    16
       Whip              |    74 |       ||    74
       Tailslap          |    23 |    19 ||    42
       Dagger            |    41 |    41 ||    82
       Flail             |       |    55 ||    55
 Fire: Hunting sling     |       |     1 ||     1
Throw: Stone             |    52 |       ||    52
Evoke: Stone of tremors  |       |     1 ||     1
  Use: Scroll            |     1 |     3 ||     4
       Potion            |       |     2 ||     2
  Eat: Chunk             |     3 |     4 ||     7
Armor: Skin              |    33 |    49 ||    82
Dodge: Dodged            |    81 |    82 ||   163
